 Dungeon Crawl Stone Soup version 0.19-a0-1260-gc94d3f7 (webtiles) character file.

11382 George the Carver (level 11, -9/102 HPs)
             Began as a Minotaur Monk on Aug 28, 2016.
             Was a High Priest of Makhleb.
             Mangled by Roxy's ghost (13 damage)
             ... in a labyrinth.
             The game lasted 00:27:57 (8955 turns).

George the Carver (Minotaur Monk)                   Turns: 8955, Time: 00:27:57

Health: -9/102     AC: 15    Str: 16    XL:     11   Next: 48%
Magic:  16/16      EV: 19    Int: 11    God:    Makhleb [*****.]
Gold:   1001       SH:  0    Dex: 16    Spells: 0 memorised, 10 levels left

rFire  . . .     SeeInvis .     f - +3 scimitar (slice)
rCold  . . .     Gourm    .     t - +3 leather armour of Fonogel {MR+ Str-5 Int+4}
rNeg   . . .     Faith    .     (no shield)
rPois  .         Spirit   .     (helmet restricted)
rElec  .         Dismiss  .     (no cloak)
rCorr  .         Reflect  .     (no gloves)
MR     +....     Harm     .     (no boots)
Stlth  ++........               (no amulet)
                                x - +5 ring of protection
                                q - +2 ring of protection

@: mighty
A: retaliatory headbutt, horns 2, icy blue scales 1, mutation resistance 1
a: Minor Destruction, Lesser Servant of Makhleb, Major Destruction, Greater
Servant of Makhleb, Renounce Religion


You were in a labyrinth.
You worshipped Makhleb.
Makhleb was extremely pleased with you.
You were hungry.

You visited 2 branches of the dungeon, and saw 12 of its levels.
You also visited: Labyrinth and Bailey.

You collected 1001 gold pieces.

Inventory:

Hand Weapons
 f - a +3 scimitar of slicing (weapon)
 K - a +1 short sword of freezing
Missiles
 g - a throwing net
 H - 47 tomahawks of returning (quivered)
Armour
 t - the +3 leather armour of Fonogel (worn) {MR+ Str-5 Int+4}
   (You found it on level 5 of the Dungeon)

   It affects your strength (-5).
   It affects your intelligence (+4).
   It affects your resistance to hostile enchantments.
Jewellery
 e - an uncursed ring of fire
 l - an uncursed ring of magical power
 q - a +2 ring of protection (left hand)
 x - a +5 ring of protection (right hand)
 M - an uncursed ring of protection from magic
Wands
 m - a wand of slowing (10/48)
 r - a wand of confusion (29/48)
 y - a wand of lightning (12/15)
 I - a wand of flame (14/48)
 L - a wand of acid (4/15)
 N - a wand of teleportation (7/9)
Scrolls
 b - 4 scrolls of blinking
 d - 2 scrolls of teleportation
 o - a scroll of immolation
 s - 3 scrolls of fear
 w - 2 scrolls of enchant weapon
 C - a scroll of fog
 D - 3 scrolls of remove curse
 F - a scroll of recharging
 J - a scroll of silence {unknown}
Potions
 a - 2 potions of agility
 h - a potion of haste
 i - 3 potions of heal wounds
 u - a potion of invisibility
 v - 2 potions of flight
 G - 3 potions of curing
Comestibles
 c - 7 bread rations
 j - 10 fruits
 k - 4 meat rations
 n - a slice of pizza
 z - 3 beef jerkies
 A - 11 royal jellies


   Skills:
 + Level 11.5 Fighting
 + Level 11.7 Long Blades
 + Level 10.7 Dodging
 - Level 1.5 Stealth
 + Level 8.5 Invocations


You had 10 spell levels left.
You didn't know any spells.

Dungeon Overview and Level Annotations

Branches:
Dungeon (11/15)            Temple (1/1) D:5            Lair (0/6) D:10
    Orc: D:9-12

Altars:
Ashenzari
Cheibriados
Dithmenos
Elyvilon
Fedhas
Gozag
Hepliaklqana
Kikubaaqudgha
Makhleb
Nemelex Xobeh
Okawaru
Qazlal
Ru
Sif Muna
Trog
Uskayaw
Vehumet
Xom
Yredelemnul
Zin
The Shining One

Shops:
D:7 %

Annotations:
D:6 rC Lab Roxy's ghost, journeyman FoFi


Innate Abilities, Weirdness & Mutations

You reflexively headbutt those who attack you in melee.
You have a pair of horns on your head.
You are partially covered in icy blue scales. (AC +2)
You are somewhat resistant to further mutation.


Message History

Roxy's ghost hits you!!
* * * LOW HITPOINT WARNING * * *
Roxy's ghost screams, "I'll kill anyone who wants the ORB!"
You hit Roxy's ghost. You headbutt Roxy's ghost!
Roxy's ghost is almost destroyed.
You hit Roxy's ghost but do no damage. Your headbutt misses Roxy's ghost.
Roxy's ghost is almost destroyed.
Roxy's ghost hits you!
* * * LOW HITPOINT WARNING * * *
You hit Roxy's ghost but do no damage.
Roxy's ghost is almost destroyed.
Roxy's ghost misses you.
You riposte.
You hit Roxy's ghost but do no damage.
Roxy's ghost is almost destroyed.
You hit Roxy's ghost but do no damage.
Roxy's ghost is almost destroyed.
Roxy's ghost closely misses you.
You hit Roxy's ghost but do no damage.
Roxy's ghost is almost destroyed.
Roxy's ghost hits you!
You die...

#. .# ## # .
.. #. #. .
### # . .
.#.# # . . .#
. . # . # #
###.# ###. .
#. . . .... #
# ######.# #
##### . # . .
#...#.......#
. # # # #@##
.#. ## # ▓ ..
.# #W#. .#...
# .
#.#.#.#####
.. #.. ...# ▓
#. .# ###.
#### ▓ # ..
#...# ▓ #
##### .. ##


You could see Roxy's ghost.

Vanquished Creatures
  Fannar (D:10)
  3 hill giants (D:10)
  Pikel (D:7)
  An elephant (D:10)
  Joseph (D:8)
  Psyche (D:9)
  A troll (D:11)
  A two-headed ogre (D:8)
  Grinder (D:5)
  Prince Ribbit (D:7)
  A shadow (D:11)
  11 yaks
  Menkaure (D:7)
  Grum (D:8)
  Edmund (D:5)
  A soldier ant (D:11)
  A water moccasin (D:10)
  Duvessa (D:5)
  An ice beast (D:10)
  2 sky beasts
  A slave (D:7)
  8 orc warriors
  6 ogres
  2 phantoms (D:10)
  3 centaurs
  3 wolves (D:8)
  A crocodile (D:10)
  Blork the orc (D:5)
  5 giant frogs
  A wyvern zombie (D:7)
  Dowan (D:5)
  2 scorpions
  5 wights (D:10)
  3 crimson imps
  A gnoll shaman (D:5)
  6 jellies
  3 orc priests
  2 centaur skeletons (D:5)
  6 hounds
  2 giant frog skeletons
  2 iguanas
  8 orc wizards
  7 worker ants
  2 hound skeletons
  A hound zombie (D:7)
  A worker ant zombie (D:9)
  11 gnolls
  12 adders
  2 shadow imps
  6 oozes
  An adder zombie (D:5)
  An adder skeleton (D:4)
  4 worms
  4 dart slugs
  7 giant geckos
  22 orcs
  7 ball pythons
  8 bats
  6 giant cockroaches
  10 goblins
  10 hobgoblins
  16 jackals
  6 quokkas
  4 giant newts
  2 jackal skeletons
  10 kobolds
  A quokka skeleton (D:8)
  9 rats
  A plant (D:2)
276 creatures vanquished.

Vanquished Creatures (others)
  A giant frog zombie (D:6)
1 creature vanquished.

Grand Total: 277 creatures vanquished

Notes
Turn   | Place    | Note
-------+----------+-------------------------------------------
     0 | D:1      | George the Minotaur Monk began the quest for the Orb.
     0 | D:1      | Reached XP level 1. HP: 19/19 MP: 0/0
    53 | D:1      | Reached XP level 2. HP: 21/27 MP: 1/1
   520 | D:1      | Reached XP level 3. HP: 30/33 MP: 2/2
   734 | D:2      | Reached XP level 4. HP: 25/41 MP: 3/3
  1100 | D:2      | Found an opulent altar of Gozag.
  1620 | D:3      | Reached skill level 5 in Fighting
  1678 | D:3      | Reached skill level 5 in Long Blades
  1678 | D:3      | Reached XP level 5. HP: 37/48 MP: 4/4
  2451 | D:4      | Reached skill level 5 in Dodging
  2615 | D:4      | Reached XP level 6. HP: 54/56 MP: 5/5
  2902 | D:4      | Gained mutation: You are partially covered in icy blue scales. (AC +2) [potion of beneficial mutation]
  3315 | D:5      | Entered Level 5 of the Dungeon
  3341 | D:5      | Noticed Duvessa
  3358 | D:5      | Killed Duvessa
  3401 | D:5      | Noticed Dowan
  3416 | D:5      | Killed Dowan
  3416 | D:5      | Reached XP level 7. HP: 63/63 MP: 6/6
  3714 | D:5      | Found a staircase to the Ecumenical Temple.
  3718 | D:5      | Got a jewelled leather armour
  3729 | D:5      | Identified the +3 leather armour of Fonogel {MR+ Str-5 Int+4} (You found it on level 5 of the Dungeon)
  3738 | Temple   | Entered the Ecumenical Temple
  3818 | Temple   | Became a worshipper of Makhleb the Destroyer
  3818 | Temple   | Reached * piety under Makhleb
  3818 | Temple   | Reached ** piety under Makhleb
  3851 | D:5      | Noticed Grinder
  3869 | D:5      | Paralysed by Grinder for 2 turns
  3879 | D:5      | Killed Grinder
  3879 | D:5      | Reached skill level 1 in Invocations
  4057 | D:5      | Noticed Edmund
  4064 | D:5      | Noticed Blork the orc
  4096 | D:5      | Killed Edmund
  4096 | D:5      | Reached XP level 8. HP: 61/73 MP: 8/8
  4119 | D:5      | Killed Blork the orc
  4597 | D:5      | Got a ripped robe
  4608 | D:5      | Identified the +2 robe "Leuth" {Int+7} (You found it on level 5 of the Dungeon)
  4939 | D:6      | Gained mutation: You are somewhat resistant to further mutation. [potion of beneficial mutation]
  5209 | D:7      | Noticed Menkaure
  5211 | D:7      | Noticed Prince Ribbit
  5213 | D:7      | Killed Menkaure
  5217 | D:7      | Killed Prince Ribbit
  5243 | D:7      | Reached XP level 9. HP: 81/81 MP: 11/11
  5374 | D:7      | Found a glowing golden altar of the Shining One.
  5438 | D:7      | Noticed Pikel
  5481 | D:7      | Killed Pikel
  5481 | D:7      | Reached *** piety under Makhleb
  5481 | D:7      | Reached skill level 5 in Invocations
  5512 | D:7      | Found Viacw's Food Shop.
  5779 | D:8      | Noticed Grum
  5788 | D:8      | Killed Grum
  5816 | D:8      | Noticed Joseph
  5838 | D:8      | Killed Joseph
  6070 | D:8      | Reached XP level 10. HP: 92/92 MP: 13/13
  6335 | D:8      | Reached skill level 10 in Long Blades
  6511 | D:9      | Found a shattered altar of Ashenzari.
  6515 | D:9      | Saw a vision of the Shoals and the Spider Nest.
  6515 | D:9      | Noticed a siren
  6579 | D:9      | Reached **** piety under Makhleb
  6603 | D:9      | Found a flagged portal.
  6610 | D:9      | Reached skill level 10 in Fighting
  6620 | Bailey   | Entered a bailey
  6869 | D:9      | Noticed Psyche
  6873 | D:9      | Killed Psyche
  7285 | D:10     | Entered Level 10 of the Dungeon
  7517 | D:10     | Reached skill level 10 in Dodging
  7597 | D:10     | Noticed Fannar
  7668 | D:10     | Noticed an elephant
  7879 | D:10     | Reached ***** piety under Makhleb
  7884 | D:10     | Killed an elephant
  7907 | D:10     | Killed Fannar
  7907 | D:10     | Reached XP level 11. HP: 84/101 MP: 15/15
  7918 | D:10     | Found a staircase to the Lair.
  8179 | D:10     | Noticed a hill giant
  8205 | D:10     | Killed a hill giant
  8366 | D:10     | Noticed a hill giant
  8373 | D:10     | Killed a hill giant
  8491 | D:11     | Noticed a hill giant
  8498 | D:10     | Killed a hill giant
  8528 | D:11     | Found a labyrinth entrance.
  8566 | Lab      | Entered a labyrinth
  8922 | Lab      | Noticed Roxy's ghost (journeyman FoFi)
  8947 | Lab      | HP: 2/102 [Roxy's ghost (14)]
  8955 | Lab      | Mangled by Roxy's ghost

Vault maps used:
D:1:      erik_arrival_blinker_ship, glass_columns_a
D:2:      wad_woods_stonehenge
D:5:      first_bread, minmay_splitting_lines, mrwooster_statue_mirror,
          uniq_edmund, uniq_blork_the_orc, uniq_grinder, uniq_duvessa
D:6:      lemuel_ice_spiral_2
D:7:      serial_shops, nicolae_shop_behind_doors, tso_metal_star,
          uniq_menkaure, uniq_prince_ribbit1, uniq_pikel
D:8:      hangedman_little_slice_of_home, minivault_1, st_stairs_5, uniq_grum,
          uniq_joseph
D:9:      enter_bailey_2, grunt_ashenzari_visionary, uniq_psyche
D:10:     david_lair_generic, uniq_fannar
D:11:     lab_entry_generic, fedhas_bush_and_centaur_altar
Temple:   dpeg_three_leaves_temple
Lab:      nicolae_lab_dead_adventurers, labyrinth_skeletal_remains,
          labyrinth_fake_exit, nicolae_lab_garden
Bailey:   bailey_axe_1, bailey

Skill      XL: |  1  2  3  4  5  6  7  8  9 10 11 |
---------------+----------------------------------+-----
Fighting       | 4 5 6 7 8 9 10 11 | 11.5
Long Blades    | 4 5 6 7 8 9 11 | 11.7
Dodging        | 4 5 6 7 8 10 | 10.7
Invocations    | 2 4 6 7 8 |  8.5
Stealth        | |  1.5

Action                   |  1- 3 |  4- 6 |  7- 9 | 10-12 || total
-------------------------+-------+-------+-------+-------++-------
Melee: Falchion          |    60 |   246 |   135 |       ||   441
       Headbutt          |     8 |    46 |    56 |    79 ||   189
       Scimitar          |       |       |   187 |   406 ||   593
Invok: Minor Destruction |       |       |       |     4 ||     4
Evoke: Wand              |       |       |       |     1 ||     1
  Use: Scroll            |     3 |    12 |     4 |     4 ||    23
       Potion            |       |     1 |     1 |     1 ||     3
 Stab: Sleeping          |     3 |     4 |     6 |     3 ||    16
  Eat: Chunk             |       |     8 |     9 |     9 ||    26
Armor: Robe              |     1 |       |       |       ||     1
       Leather armour    |     8 |    47 |    78 |    92 ||   225
Dodge: Dodged            |    40 |   120 |   179 |   363 ||   702
